 Dungeon Crawl Stone Soup version 0.23-a0-756-g517b432 (console) character file.

6909 Voker57 the Carver (level 10, -5/79 HPs)
             Began as a Demonspawn Gladiator on Jan 18, 2019.
             Was a Believer of Makhleb.
             Slain by a five-headed hydra (9 damage)
             ... on level 9 of the Dungeon.
             The game lasted 00:19:12 (11118 turns).

Voker57 the Carver (Demonspawn Gladiator)          Turns: 11118, Time: 00:19:13

Health: -5/79      AC: 12    Str: 12    XL:     10   Next: 79%
Magic:  0/14       EV: 10    Int:  9    God:    Makhleb [**....]
Gold:   120        SH:  0    Dex: 25    Spells: 9/9 levels left

rFire    + . .     SeeInvis +   q - +4 trident
rCold    . . .     Gourm    .   (no shield)
rNeg     . . .     Faith    .   C - +1 chain mail {MR+}
rPois    .         Spirit   +   c - +0 helmet
rElec    .         Reflect  .   j - scarf {Spirit}
rCorr    .         Harm     .   (no gloves)
MR       +....                  (no boots)
Stlth    ..........             u - amulet of regeneration
HPRegen  0.63/turn              g - ring of see invisible
MPRegen  0.14/turn              (no ring)

@: hasted, very quick
A: hooves 1, thin skeletal structure 3, fire resistance 1, powered by death 1,
spiny 1, weak 1
a: Minor Destruction, Renounce Religion


You were on level 9 of the Dungeon.
You worshipped Makhleb.
Makhleb was pleased with you.
You were hungry.

You visited 1 branch of the dungeon, and saw 10 of its levels.

You collected 660 gold pieces.
You spent 540 gold pieces at shops.

Inventory:

Hand Weapons
 a - a +1 long sword
 b - a +0 dagger of venom
 q - a +4 trident (weapon)
 z - a +0 trident
Armour
 c - a +0 helmet (worn)
 h - the +1 leather armour of the Morning Star {+Fly}
   (You found it on level 7 of the Dungeon)

   It lets you fly.
 j - a scarf of spirit shield (worn)
 s - a +2 scale mail of magic resistance
 B - a +0 leather armour
 C - a +1 chain mail of magic resistance (worn)
 D - a +0 cloak of invisibility
Jewellery
 g - a ring of see invisible (left hand)
 o - an uncursed ring of fire
 u - an amulet of regeneration (around neck)
 y - the ring of Cam Romy {rF+ rC- Str+9 Int+7 Slay+2, unknown}
   (You found it on level 9 of the Dungeon)

   [ring of protection from fire]

   It affects your strength (+9).
   It affects your intelligence (+7).
   It affects your accuracy and damage with ranged weapons and melee attacks
   (+2).
   It protects you from fire.
   It makes you vulnerable to cold.
Wands
 k - a wand of flame (12)
 p - a wand of iceblast (12)
 w - a wand of acid (10)
Scrolls
 d - a scroll of blinking
 e - 3 scrolls of remove curse
 i - 2 scrolls of magic mapping
 l - 10 scrolls of identify
 m - 6 scrolls of amnesia
 t - 2 scrolls of enchant armour
 v - a scroll of fog
 x - 2 scrolls of teleportation
 F - a scroll of random uselessness {unknown}
Potions
 n - 2 potions of heal wounds
 r - a potion of curing
 A - a potion of haste
Comestibles
 f - 17 rations


   Skills:
 + Level 7.4 Fighting
 * Level 9.8 Long Blades
 - Level 1.7 Throwing
 + Level 6.0 Armour
 + Level 7.1 Dodging
 + Level 6.1 Invocations


You had 9 spell levels left.
You didn't know any spells.
Your spell library contained the following spells:

 Spells                   Type           Power        Failure   Level  Hunger
 Animate Skeleton         Necr           N/A          100%        1    ##.....
 Pain                     Necr           #...         100%        1    ##.....
 Shock                    Conj/Air       #...         100%        1    ##.....
 Swiftness                Chrm/Air       #.......     100%        2    ###....
 Regeneration             Chrm/Necr      #.........   100%        3    ####...
 Static Discharge         Conj/Air       #.......     100%        3    ####...
 Vampiric Draining        Necr           #.........   100%        3    ####...
 Airstrike                Air            #.........   100%        4    #####..
 Animate Dead             Necr           N/A          100%        4    #####..
 Lightning Bolt           Conj/Air       #.........   100%        5    ######.


Dungeon Overview and Level Annotations

Branches:
Dungeon (10/15)            Temple (0/1) D:6
   Lair: D:8-11         Orc: D:9-12

Altars:
Ashenzari
Dithmenos
Elyvilon
Hepliaklqana
Kikubaaqudgha
Makhleb
Nemelex Xobeh
Okawaru
Ru
Sif Muna
Vehumet
Xom
Zin
The Shining One

Shops:
D:5 (   D:6 *   D:10 [


Innate Abilities, Weirdness & Mutations

You have large cloven feet.
You have an unnaturally thin skeletal structure. (Dex +6, Stealth++)
You regenerate a little health from kills.
You are partially covered in sharp spines.
Your flesh is heat resistant. (rF+)
You are weak. (Str -2)


Message History

The five-headed hydra bites you.
The five-headed hydra closely misses you.
The five-headed hydra bites you! The five-headed hydra bites you. x2
Your chain mail prevents you from hitting the five-headed hydra.
You kick the five-headed hydra, but do no damage.
The five-headed hydra is almost dead.
The five-headed hydra barely misses you.
The five-headed hydra bites you!
* * * LOW HITPOINT WARNING * * *
The five-headed hydra bites you but does no damage. x2
The five-headed hydra bites you!
* * * LOW HITPOINT WARNING * * *
You hit the five-headed hydra.
You kick the five-headed hydra, but do no damage.
The five-headed hydra is almost dead.
The five-headed hydra bites you!
* * * LOW HITPOINT WARNING * * *
The five-headed hydra bites you but does no damage.
The five-headed hydra bites you!
You die...

########### ##.........#
#........#.# ############
#..#####.# ...........#
#.(#..<#.#
...........#######..#.....#
...............D@#..#######
...........###............#
#########..........######.#
#..........### .#
#............. .# ####
#....(....#### ## ...#
#.........+ ...#
#...(.....## ...#
+..........#
...######..........#


You could see a five-headed hydra.

Vanquished Creatures
  An ugly thing (D:9)
  Pikel (D:6)
  Joseph (D:7)
  Grinder (D:5)
  A hippogriff (D:8)
  A spriggan (D:7)
  9 yaks (D:10)
  3 orc warriors
  2 ice beasts
  2 sky beasts
  5 phantoms
  4 slaves (D:6)
  2 ogres
  5 centaurs
  A necrophage (D:8)
  A crocodile (D:9)
  3 bullfrogs
  2 big kobolds
  A scorpion (D:5)
  6 killer bees (D:8)
  4 wights (D:10)
  6 howler monkeys
  A crimson imp (D:10)
  A bullfrog zombie (D:9)
  4 hounds
  A centaur zombie (D:9)
  2 orc priests
  A centaur skeleton (D:7)
  An orc wizard (D:10)
  2 bullfrog skeletons
  2 iguanas
  7 worker ants
  A hound zombie (D:9)
  2 hound skeletons
  2 worker ant zombies
  14 gnolls
  10 adders
  5 shadow imps
  2 worms
  A dart slug (D:1)
  4 leopard geckos
  10 orcs
  8 bats
  7 giant cockroaches
  8 hobgoblins
  4 jackals (D:7)
  13 kobolds
  5 quokkas
  2 ball pythons
  6 frilled lizards
  9 goblins
  3 leopard gecko zombies (D:5)
  A quokka skeleton (D:6)
  5 rats
206 creatures vanquished.

Vanquished Creatures (others)
  A sky beast (D:6)
1 creature vanquished.

Grand Total: 207 creatures vanquished

Notes
Turn   | Place    | Note
-------+----------+-------------------------------------------
     0 | D:1      | Voker57 the Demonspawn Gladiator began the quest for the
                  | Orb.
     0 | D:1      | Reached XP level 1. HP: 16/16 MP: 1/1
   262 | D:1      | Found a glowing golden altar of the Shining One.
   314 | D:1      | Reached skill level 3 in Long Blades
   314 | D:1      | Gained mutation: You have a somewhat thin skeletal
                  | structure. (Dex +2, Stealth) [demonic ancestry]
   314 | D:1      | Reached XP level 2. HP: 8/22 MP: 2/2
  1094 | D:2      | Gained mutation: You regenerate a little health from kills.
                  | [demonic ancestry]
  1094 | D:2      | Reached XP level 3. HP: 28/28 MP: 3/3
  1095 | D:2      | Found a sacrificial altar of Ru.
  1291 | D:2      | Reached XP level 4. HP: 19/34 MP: 4/4
  1342 | D:2      | Found an ancient bone altar of Kikubaaqudgha.
  2091 | D:2      | Found a shadowy altar of Dithmenos.
  2773 | D:3      | Reached skill level 4 in Long Blades
  2778 | D:3      | Gained mutation: You have a moderately thin skeletal
                  | structure. (Dex +4, Stealth+) [demonic ancestry]
  2778 | D:3      | Reached XP level 5. HP: 14/41 MP: 5/5
  3186 | D:3      | Found an iron altar of Okawaru.
  3682 | D:4      | Found a shimmering altar of Xom.
  3683 | D:4      | Noticed a phantom
  3685 | D:4      | Noticed an ogre
  3708 | D:4      | Killed an ogre
  3708 | D:4      | Reached skill level 1 in Armour
  3708 | D:4      | Gained mutation: You have an unnaturally thin skeletal
                  | structure. (Dex +6, Stealth++) [demonic ancestry]
  3708 | D:4      | Reached XP level 6. HP: 26/47 MP: 6/6
  3713 | D:4      | Reached skill level 5 in Long Blades
  4166 | D:4      | Reached XP level 7. HP: 37/54 MP: 7/7
  4670 | D:5      | Entered Level 5 of the Dungeon
  4841 | D:5      | Reached skill level 6 in Long Blades
  5066 | D:5      | Found Ruel Vugh's Weapon Boutique.
  5269 | D:5      | Reached XP level 8. HP: 19/61 MP: 8/8
  5511 | D:5      | Noticed Grinder
  5534 | D:5      | Killed Grinder
  5534 | D:5      | Reached skill level 5 in Dodging
  5882 | D:5      | Reached skill level 5 in Fighting
  6221 | D:5      | Found a glowing silver altar of Zin.
  6221 | D:5      | Found a hazy altar of Hepliaklqana.
  6222 | D:5      | Found a shattered altar of Ashenzari.
  6294 | D:5      | Reached skill level 7 in Long Blades
  6539 | D:6      | Noticed Pikel
  6749 | D:6      | Found a white marble altar of Elyvilon.
  6817 | D:6      | Found a sparkling altar of Nemelex Xobeh.
  6861 | D:6      | Found a burning altar of Makhleb.
  6944 | D:6      | Became a worshipper of Makhleb the Destroyer
  6964 | D:6      | Found a staircase to the Ecumenical Temple.
  7210 | D:6      | Found Itwumac's General Store.
  7281 | D:6      | Found a deep blue altar of Sif Muna.
  7347 | D:6      | Killed Pikel
  7347 | D:6      | Reached skill level 1 in Invocations
  7347 | D:6      | Gained mutation: You have large cloven feet. [demonic
                  | ancestry]
  7347 | D:6      | Reached XP level 9. HP: 69/69 MP: 8/10
  7397 | D:7      | Got a slimy leather armour
  7408 | D:7      | Identified the +1 leather armour of the Morning Star {+Fly}
                  | (You found it on level 7 of the Dungeon)
  7543 | D:7      | You fall through a shaft for 2 floors!
  7560 | D:9      | Reached skill level 8 in Long Blades
  7652 | D:9      | Noticed a five-headed hydra
  7653 | D:9      | Noticed a red ugly thing
  7671 | D:9      | Got a shimmering pewter ring
  7839 | D:9      | Gained mutation: You are weak. (Str -2) [potion of
                  | mutation]
  7839 | D:9      | Gained mutation: Your flesh is heat resistant. (rF+)
                  | [potion of mutation]
  7849 | D:10     | Entered Level 10 of the Dungeon
  8427 | D:8      | Reached * piety under Makhleb
  8436 | D:8      | Found a glowing golden altar of the Shining One.
  8763 | D:9      | Reached skill level 5 in Armour
  8818 | D:9      | HP: 2/71 [red ugly thing (6)]
  8819 | D:9      | Killed a red ugly thing
  8819 | D:9      | Gained mutation: You are partially covered in sharp spines.
                  | [demonic ancestry]
  8819 | D:9      | Reached XP level 10. HP: 2/77 MP: 0/13
  9137 | D:7      | Found a radiant altar of Vehumet.
  9238 | D:7      | Noticed Joseph
  9253 | D:7      | Killed Joseph
  9253 | D:7      | Reached skill level 9 in Long Blades
  9578 | D:9      | Reached skill level 5 in Invocations
 10206 | D:10     | Reached ** piety under Makhleb
 10343 | D:10     | Found Baihixoo's Antique Armour Boutique.
 10396 | D:10     | Bought a runed chain mail for 270 gold pieces
 10396 | D:10     | Bought an embroidered cloak for 270 gold pieces
 11118 | D:9      | Slain by a five-headed hydra

Vault maps used:
D:1:      saegor_arrival_simple_d, glass_columns_c, tso_altar
D:2:      old_standard_altar, nicolae_ru_awakened_eye, grunt_dithmenos_smoke,
          hex_large, minmay_misc_feat_five, uniq_crazy_yiuf_cottage
D:3:      minmay_door_square, okawaru_altar_gauntlet_db
D:4:      first_ration, minmay_ruined_shrine
D:5:      gammafunk_temple_overflow_claw, serial_shops, shop, uniq_grinder
D:6:      overflow_temple_1_default, lemuel_coloured_pillars_altar,
          lemuel_crystal_altar, minmay_temple_entry_sparse_star, serial_shops,
          kennysheep_mini, bloody_makhleb, uniq_pikel
D:7:      vehumet_altar_wand_db, the_bakery, chequers_serial_rivers_micro_a,
          kennysheep_crisscross, uniq_joseph
D:8:      basic_altar
D:9:      hangedman_cross_stitches
D:10:     serial_shops, shop

Skill      XL: |  1  2  3  4  5  6  7  8  9 10 |
---------------+-------------------------------+-----
Long Blades    | 3 4 5 6 7 8 9 |  9.8
Dodging        | 3 4 5 6 7 |  7.1
Fighting       | 3 4 5 6 7 |  7.4
Armour         | 1 2 4 5 6 |  6.0
Invocations    | 1 4 6 |  6.1
Throwing       | |  1.7

Action                   |  1- 3 |  4- 6 |  7- 9 | 10-12 || total
-------------------------+-------+-------+-------+-------++-------
Melee: Long sword        |    96 |   179 |   518 |   187 ||   980
       Kick              |       |       |    64 |   110 ||   174
       Trident           |       |       |       |     8 ||     8
Throw: Throwing net      |       |     3 |     3 |       ||     6
Evoke: Wand              |       |       |     4 |     1 ||     5
  Use: Scroll            |       |     7 |     7 |     2 ||    16
       Potion            |       |     1 |    13 |     1 ||    15
 Stab: Sleeping          |     4 |     3 |    12 |     3 ||    22
       Distracted        |     1 |       |     1 |       ||     2
       Held in net/web   |       |     4 |     8 |       ||    12
  Eat: Chunk             |     1 |     3 |    11 |     5 ||    20
       Ration            |       |     2 |     1 |     1 ||     4
Armor: Leather armour    |    16 |     8 |    28 |    22 ||    74
       Scale mail        |       |    66 |   108 |       ||   174
       Skin              |       |       |    65 |       ||    65
       Chain mail        |       |       |       |    21 ||    21
Dodge: Dodged            |    78 |   127 |   349 |   118 ||   672
       Rpst.: Long sword |    27 |    31 |    97 |    27 ||   182

Table legend:
 A = Non-vault XP
 B = Vault XP
 C = Vault XP percentage of total XP
 D = Non-vault monster count
 E = Vault monster count
 F = Vault count percentage of total count
                 A         B        C        D         E       F
            +---------+---------+-------+---------+---------+-------
      Total |    6914 |    2956 |  29.9 |     182 |      21 |  10.3
            +---------+---------+-------+---------+---------+-------
        D:1 |      31 |       0 |   0.0 |      12 |       0 |   0.0
        D:2 |      76 |       0 |   0.0 |      27 |       0 |   0.0
        D:3 |     120 |      24 |  16.7 |      14 |       6 |  30.0
        D:4 |     307 |     293 |  48.8 |       9 |       4 |  30.8
        D:5 |     980 |     300 |  23.4 |      28 |       1 |   3.4
        D:6 |     583 |     593 |  50.4 |      15 |       1 |   6.2
        D:7 |     526 |     670 |  56.0 |      21 |       3 |  12.5
        D:8 |    1057 |       0 |   0.0 |      16 |       0 |   0.0
        D:9 |     486 |    1076 |  68.9 |       8 |       6 |  42.9
       D:10 |    2748 |       0 |   0.0 |      32 |       0 |   0.0
            +---------+---------+-------+---------+---------+-------
